 Dungeon Crawl Stone Soup version 0.25-a0-558-g78a2afb0af (webtiles) character file.

Game seed: 15616931704424931325, levelgen mode: deterministic

345 Alarak the Chopper (level 6, -4/53 HPs)
             Began as a Hill Orc Fighter on Feb 25, 2020.
             Was an Initiate of Makhleb.
             Slain by a centaur (6 damage)
             ... on level 6 of the Dungeon.
             The game lasted 00:08:07 (2402 turns).

Alarak the Chopper (Hill Orc Fighter)               Turns: 2402, Time: 00:08:07

Health: -4/53      AC:  8    Str: 21    XL:     6   Next: 58%
Magic:  6/6        EV:  7    Int:  8    God:    Makhleb [......]
Gold:   132        SH:  9    Dex: 10    Spells: 5/5 levels left

rFire    + . .     SeeInvis .   a - +0 war axe
rCold    . . .     Gourm    .   c - +0 kite shield
rNeg     . . .     Faith    .   b - +0 scale mail
rPois    .         Spirit   .   o - +0 helmet
rElec    .         Reflect  .   (no cloak)
rCorr    .         Harm     .   (no gloves)
MR       .....                  (no boots)
Stlth    ..........             (no amulet)
HPRegen  0.17/turn              q - ring of protection from fire
MPRegen  0.10/turn              (no ring)

@: no status effects
A: no striking features
a: Renounce Religion


You were on level 6 of the Dungeon.
You worshipped Makhleb.
Makhleb was noncommittal.
You were not hungry.

You visited 1 branch of the dungeon, and saw 4 of its levels.

You collected 132 gold pieces.

Inventory:

Hand Weapons
 a - a +0 war axe (weapon)
 l - a +1 dagger of freezing
 m - a +1 dagger of venom
 v - a +2 vampiric dagger
 w - a +1 dagger of speed
Armour
 b - a +0 scale mail (worn)
 c - a +0 kite shield (worn)
 o - a +0 helmet (worn)
 p - a +0 chain mail
 x - a +0 robe of positive energy
Jewellery
 q - a ring of protection from fire (left hand)
Wands
 t - a wand of flame (21)
Scrolls
 i - a scroll of amnesia {unknown}
 j - a scroll of immolation {unknown}
 r - a scroll of identify {unknown}
 y - a scroll of teleportation {unknown}
 z - a scroll of magic mapping {unknown}
Potions
 d - a potion of might
 e - a potion of heal wounds {unknown}
 g - a potion of resistance {unknown}
 h - 2 potions of mutation {unknown}
 k - a potion of curing {unknown}
 n - 2 potions of cancellation {unknown}
 s - a potion of brilliance {unknown}
Comestibles
 f - 2 rations
 u - a chunk of flesh


   Skills:
 + Level 4.7 Fighting
 + Level 6.6 Axes
 + Level 4.4 Armour
 + Level 4.2 Shields


You had 5 spell levels left.
You didn't know any spells.
Your spell library was empty.

Dungeon Overview and Level Annotations

Branches:
Dungeon (3/15)

Altars:
Makhleb

Annotations:
D:6 Edmund


Message History

You completely miss the centaur. The centaur hits you.
* * * LOW HITPOINT WARNING * * *
The centaur hits you but does no damage.
Edmund hits you with a +0 flail of protection.
* * * LOW HITPOINT WARNING * * *
You block the centaur's attack.
You see here 18 gold pieces.
You slash the centaur!
The centaur is moderately wounded.
You hit Edmund but do no damage. The centaur hits you.
* * * LOW HITPOINT WARNING * * *
The centaur hits you.
* * * LOW HITPOINT WARNING * * *
Edmund hits you with a +0 flail of protection.
* * * LOW HITPOINT WARNING * * *
You barely miss the centaur.
The centaur is moderately wounded.
Your shield prevents you from hitting Edmund.
The centaur completely misses you. The centaur hits you.
You die...

###########+### .
#......##.....# ..
#......##.....#######.#
#......##....(...[.....
+......####.##(....##
#......####.##.(@..+
#...........##.@c..#
#####+#.######..........+
#.#.# #.#+#.#..#.#
#.#.######.# .# ....
######.......##.# .# #..
.......#.....##.# .# .
######.#.....##. .#
#.########. .# #.#


You could see Edmund and a centaur.

Vanquished Creatures
  A bullfrog (D:6)
  A hound (D:6)
  A bullfrog skeleton (D:6)
  2 orc wizards (D:6)
  Natasha (thrice) (D:2)
  Robin (D:2)
  3 adders (D:2)
  2 oozes (D:1)
  A worm (D:2)
  A dart slug (D:2)
  2 orcs
  15 goblins
  5 hobgoblins
  3 jackals (D:1)
  5 kobolds
  5 bats
  2 frilled lizards
  4 rats
57 creatures vanquished.

Notes
Turn   | Place    | Note
-------+----------+-------------------------------------------
     0 | D:1      | Alarak the Hill Orc Fighter began the quest for the Orb.
     0 | D:1      | Reached XP level 1. HP: 19/19 MP: 1/1
    51 | D:1      | Reached XP level 2. HP: 10/27 MP: 2/2
    53 | D:1      | Reached skill level 3 in Axes
   386 | D:1      | Reached XP level 3. HP: 33/33 MP: 3/3
   885 | D:2      | Noticed Natasha
   895 | D:2      | Killed Natasha
   895 | D:2      | Reached skill level 4 in Axes
   895 | D:2      | Reached XP level 4. HP: 12/40 MP: 4/4
  1079 | D:2      | Noticed Robin
  1091 | D:2      | Noticed Natasha
  1099 | D:2      | Killed Natasha
  1099 | D:2      | Killed Robin
  1099 | D:2      | Reached skill level 5 in Axes
  1099 | D:2      | Reached XP level 5. HP: 27/47 MP: 5/5
  1106 | D:2      | Noticed Natasha
  1180 | D:2      | Killed Natasha
  1657 | D:2      | Found a burning altar of Makhleb.
  1667 | D:2      | Became a worshipper of Makhleb the Destroyer
  2156 | D:3      | You fall into a shaft and drop 3 floors!
  2210 | D:6      | Reached skill level 6 in Axes
  2210 | D:6      | Reached XP level 6. HP: 37/53 MP: 6/6
  2393 | D:6      | Noticed Edmund
  2401 | D:6      | HP: 2/53 [Edmund/+0 flail of protection (5)]
  2402 | D:6      | Slain by a centaur

Levels and vault maps discovered:
D:1:      ncdulo_smallfort, layout_loops_ring
D:2:      layout_basic, overflow_temple_1_default,
          chequers_serial_rivers_micro_d, uniq_robin, uniq_natasha
D:3:      layout_rooms, uniq_jessica
D:6:      layout_basic, overflow_temple_1_default,
          nicolae_gozag_zags_fifth_avenue, uniq_eustachio, uniq_edmund

Skill      XL: |  1  2  3  4  5 |
---------------+----------------+-----
Axes           | 3 4 5 6 |  6.6
Fighting       | 4 |  4.7
Shields        | 4 |  4.2
Armour         | 4 |  4.4

Action                   |  1- 3 |  4- 6 || total
-------------------------+-------+-------++-------
Melee: War axe           |    82 |   125 ||   207
  Eat: Chunk             |       |     5 ||     5
Armor: Scale mail        |    45 |    66 ||   111
Dodge: Dodged            |    19 |    32 ||    51
Block: Kite shield       |    42 |    54 ||    96

Table legend:
 A = Non-vault XP
 B = Vault XP
 C = Vault XP percentage of total XP
 D = Non-vault monster count
 E = Vault monster count
 F = Vault count percentage of total count
                 A         B        C        D         E       F
            +---------+---------+-------+---------+---------+-------
      Total |     430 |      63 |  12.8 |      48 |       9 |  15.8
            +---------+---------+-------+---------+---------+-------
        D:1 |      56 |       0 |   0.0 |      26 |       0 |   0.0
        D:2 |     133 |      63 |  32.1 |      16 |       9 |  36.0
        D:6 |     241 |       0 |   0.0 |       6 |       0 |   0.0
            +---------+---------+-------+---------+---------+-------
